 Dungeon Sprint DCSS version 0.28-a0-1447-ga5a8893891 (webtiles) character file.

Game seed: 6835830319690824172

1927 tatocazan the Blocker (level 9, -2/64 HPs)
             Began as a Gargoyle Fighter on Jan 11, 2022.
             Was an Elder of Okawaru.
             Slain by a centaur warrior (3 damage)
             ... in the Dungeon (Sprint IX: "|||||||||||||||||||||||||||||").
             The game lasted 00:01:55 (324 turns).

tatocazan the Blocker (Gargoyle Fighter)             Turns: 324, Time: 00:01:55

Health: -2/64      AC: 24    Str: 24    XL:     9   Next: 17%
Magic:  9/9        EV: 10    Int:  9    God:    Okawaru [****..]
Gold:   0          SH:  0    Dex: 15    Spells: 8/8 levels left

rFire   . . .      SeeInvis .   m - +2 dire flail (protect)
rCold   . . .      Faith    .   (shield currently unavailable)
rNeg    + . .      Spirit   .   n - +2 ring mail
rPois   ∞          Reflect  .   c - +0 helmet
rElec   +          Harm     .   (no cloak)
rCorr   .          Rampage  .   (no gloves)
Will    .....      NoTele   +   (no boots)
Stlth   +.........              (no amulet)
HPRegen 0.20/turn               o - +3 ring of dexterity
MPRegen 0.11/turn               p - +3 ring of dexterity

@: mighty, under a protective aura
A: sickness immunity, AC +6, negative energy resistance 1, electricity
resistance, torment resistance 1, petrification resistance
a: Renounce Religion, Heroism, Finesse


You were in the Dungeon.
You worshipped Okawaru.
Okawaru was greatly pleased with you.
You visited 1 branch

Inventory:

Hand Weapons
 a - a +0 flail
 m - a +2 dire flail of protection (weapon)
Armour
 c - a +0 helmet (worn)
 n - a +2 ring mail (worn)
Jewellery
 o - a +3 ring of dexterity (left hand)
 p - a +3 ring of dexterity (right hand)
Wands
 l - a wand of iceblast (10)
Scrolls
 j - 2 scrolls of blinking
 k - 2 scrolls of amnesia
Potions
 e - 4 potions of curing
 f - a potion of invisibility
 h - 4 potions of magic
 i - a potion of berserk rage


   Skills:
 + Level 11.6 Fighting
 + Level 10.4 Maces & Flails
 + Level 11.6 Armour
 + Level 11.6 Shields


You had 8 spell levels left.
You didn't know any spells.
Your spell library was empty.

Dungeon Overview and Level Annotations

Branches:
Dungeon (1/1)

Altars:
Cheibriados
Dithmenos
Elyvilon
Fedhas
Gozag
Hepliaklqana
Kikubaaqudgha
Makhleb
Nemelex Xobeh
Okawaru
Qazlal
Ru
Sif Muna
Trog
Uskayaw
Vehumet
Wu Jian
Xom
Yredelemnul
Zin
The Shining One
Beogh
Jiyva
Lugonu


Innate Abilities, Weirdness & Mutations

You are immune to sickness and miasma.
Your stone body is resilient. (AC +6)
You are immune to poison.
You resist negative energy. (rN+)
You are resistant to electric shocks. (rElec)
You are resistant to unholy torment.
You are immune to petrification.


Message History

You regained 20 hp, and now have 25/64 hp.
The centaur warrior unwields a +0 shortbow.
The centaur warrior misses you.
The centaur warrior kicks you but does no damage.
You hit the centaur warrior.
The centaur warrior is lightly wounded.
The centaur warrior hits you but does no damage.
The centaur warrior kicks you but does no damage.
The centaur warrior hits you but does no damage.
The centaur warrior kicks you but does no damage.
You barely miss the centaur warrior.
The centaur warrior is lightly wounded.
The centaur warrior hits you!
* * * LOW HITPOINT WARNING * * *
The centaur warrior kicks you.
* * * LOW HITPOINT WARNING * * *
You take 11 damage, and have 15/64 hp.
You closely miss the centaur warrior.
The centaur warrior is lightly wounded.
The centaur warrior hits you!
* * * LOW HITPOINT WARNING * * *
The centaur warrior kicks you but does no damage.
You take 7 damage, and have 8/64 hp.
You impale the centaur warrior!!
The centaur warrior is moderately wounded.
The centaur warrior hits you but does no damage.
The centaur warrior kicks you but does no damage.
You impale the centaur warrior!!
The centaur warrior is severely wounded.
The centaur warrior hits you but does no damage.
The centaur warrior kicks you.
* * * LOW HITPOINT WARNING * * *
You take 2 damage, and have 6/64 hp.
You feel better. The centaur warrior hits you.
* * * LOW HITPOINT WARNING * * *
The centaur warrior kicks you but does no damage.
The centaur warrior hits you!
* * * LOW HITPOINT WARNING * * *
The centaur warrior kicks you.
You die...

▓)▓
▓)▓
▓)▓
▓)▓
▓.▓
▓.▓
▓.▓
▓)▓
▓@▓
▓c▓
▓u▓
▓.▓
▓.▓
▓.▓
▓+▓


You could see a green ugly thing and a centaur warrior.

Vanquished Creatures
  A manticore (D)
  An ugly thing (D)
  A kobold demonologist (D)
  A wraith (D)
  2 yaks (D)
  An orc warrior (D)
  2 centaurs (D)
  A scorpion (D)
  A jelly (D)
  A gnoll shaman (D)
  An iguana (D)
  2 orc wizards (D)
  A goblin (D)
  2 hobgoblins (D)
  2 kobolds (D)
20 creatures vanquished.

Notes
Turn   | Place    | Note
-------+----------+-------------------------------------------
     0 | D        | tatocazan the Gargoyle Fighter began the quest for the Orb.
     0 | D        | Reached XP level 1. HP: 14/14 MP: 1/1
     5 | D        | Banished a spatial maelstrom
    18 | D        | Reached XP level 2. HP: 19/20 MP: 2/2
    25 | D        | Noticed a scorpion
    30 | D        | Reached XP level 3. HP: 24/24 MP: 3/3
    33 | D        | Reached skill level 5 in Fighting
    33 | D        | Reached skill level 5 in Armour
    33 | D        | Reached skill level 5 in Shields
    33 | D        | Reached XP level 4. HP: 23/31 MP: 4/4
    35 | D        | Killed a scorpion
    36 | D        | Reached skill level 5 in Maces & Flails
    36 | D        | Reached XP level 5. HP: 6/36 MP: 5/5
    75 | D        | Found a snail-covered altar of Cheibriados.
    75 | D        | Found a shadowy altar of Dithmenos.
    75 | D        | Found a white marble altar of Elyvilon.
    75 | D        | Found a blossoming altar of Fedhas.
    75 | D        | Found an opulent altar of Gozag.
    76 | D        | Found a hazy altar of Hepliaklqana.
    77 | D        | Found a viscous altar of Jiyva.
    78 | D        | Found an ancient bone altar of Kikubaaqudgha.
    79 | D        | Found a corrupted altar of Lugonu.
    80 | D        | Found a burning altar of Makhleb.
    81 | D        | Found a sparkling altar of Nemelex Xobeh.
    82 | D        | Found an iron altar of Okawaru.
    83 | D        | Found a stormy altar of Qazlal.
    84 | D        | Found a sacrificial altar of Ru.
    85 | D        | Found a shimmering blue altar of Sif Muna.
    86 | D        | Found a bloodstained altar of Trog.
    87 | D        | Found a hide-covered altar of Uskayaw.
    88 | D        | Found a radiant altar of Vehumet.
    89 | D        | Found an ornate altar of the Wu Jian Council.
    90 | D        | Became a worshipper of Warmaster Okawaru
    91 | D        | Found a shimmering altar of Xom.
    92 | D        | Found a basalt altar of Yredelemnul.
    93 | D        | Found a glowing silver altar of Zin.
    94 | D        | Found a glowing golden altar of the Shining One.
   148 | D        | Noticed an orc warrior
   148 | D        | Noticed a centaur
   148 | D        | Noticed a yak
   148 | D        | Noticed a yak
   148 | D        | Noticed a centaur
   150 | D        | Killed an orc warrior
   151 | D        | Reached XP level 6. HP: 37/44 MP: 6/6
   161 | D        | Killed a yak
   161 | D        | Reached * piety under Okawaru
   162 | D        | Reached XP level 7. HP: 42/50 MP: 7/7
   171 | D        | Killed a yak
   285 | D        | Noticed a kobold demonologist
   285 | D        | Noticed a wraith
   285 | D        | Noticed a manticore
   285 | D        | Noticed a green ugly thing
   285 | D        | Noticed a centaur warrior
   285 | D        | Noticed a green ugly thing
   292 | D        | Killed a kobold demonologist
   292 | D        | Reached ** piety under Okawaru
   293 | D        | Reached skill level 10 in Fighting
   293 | D        | Reached skill level 10 in Armour
   293 | D        | Reached skill level 10 in Shields
   293 | D        | Reached XP level 8. HP: 57/57 MP: 8/8
   297 | D        | Killed a wraith
   297 | D        | Reached *** piety under Okawaru
   311 | D        | Killed a manticore
   312 | D        | Reached skill level 10 in Maces & Flails
   316 | D        | Killed a green ugly thing
   316 | D        | Reached **** piety under Okawaru
   317 | D        | Reached XP level 9. HP: 5/64 MP: 9/9
   324 | D        | HP: 1/64 [centaur warrior (9)]
   324 | D        | Slain by a centaur warrior

Illustrated notes

Levels and vault maps discovered:
D:        linesprint [early_d, line_temple, items_1, d_10, items_2, lair_1,
          lair_end, items_3, orc_1, orc_end, items_4, d_15, swamp_1, shoals_1,
          snake_1, spider_1, d_20, vaults_1, items_5, swamp_end, shoals_end,
          snake_end, spider_end, vaults_end, d_27, items_6, zot_1, zot_end,
          crypt_end, forest_end, elf_end, slime_end, tomb_end, abyss_end,
          pan_hell_end]

Skill      XL: |  1  2  3  4  5  6  7  8 |
---------------+-------------------------+-----
Fighting       | 4 5 6 7 8 10 11 | 11.6
Maces & Flails | 3 4 5 6 7 9 10 | 10.4
Armour         | 4 5 6 7 8 10 11 | 11.6
Shields        | 4 5 6 7 8 10 11 | 11.6

Action                   |  1- 3 |  4- 6 |  7- 9 || total
-------------------------+-------+-------+-------++-------
Melee: Flail             |    20 |    18 |       ||    38
       Dire flail        |       |    12 |    51 ||    63
  Use: Potion            |     1 |     1 |     4 ||     6
Armor: Scale mail        |     7 |     3 |       ||    10
       Ring mail         |       |     8 |    41 ||    49
Dodge: Dodged            |     7 |     6 |    35 ||    48
Block: Buckler           |     4 |     3 |       ||     7

Table legend: (Time is in decaauts)
 A = Elapsed time spent in this place.
 B = Non-inter-level travel time spent in this place.
 C = Inter-level travel time spent in this place.
 D = Time resting spent in this place.
 E = Time spent auto-exploring this place.
 F = Levels seen in this place.
 G = Mean time per level.
                   A        B        C        D        E       F      G
               +--------+--------+--------+--------+--------+-----+--------+
         Total |    305 |    305 |      0 |     99 |      9 |   1 |  305.0 |
       Dungeon |    305 |    305 |      0 |     99 |      9 |   1 |  305.0 |
               +--------+--------+--------+--------+--------+-----+--------+

Top non-repeatable levels by time:
       D: 305 daAuts
